[Event "European Amateur Chess-ch 2022"]
[Site "Zagreb"]
[Date "2022.08.14"]
[Round "1.1"]
[White "Vrban, Mladen"]
[Black "Kanizaj, Benjamin"]
[Result "1-0"]
[ECO "B87"]
[WhiteElo "2297"]
[BlackElo "2050"]
[Annotator "TA"]
[PlyCount "57"]
[EventDate "2022.08.14"]
[EventCountry "CRO"]
[SourceTitle "playchess.com"]
[Source "ChessBase"]
[SourceQuality "1"]
[TimeControl "40/5400+30:1800+30"]

1. e4 c5 2. Nf3 d6 3. d4 cxd4 4. Nxd4 Nf6 5. Nc3 e6 6. Bc4 Be7 7. O-O O-O 8. Bb3 a6 9. f4 b5 10. f5 b4 11. Na4 e5 12. Ne2 Bb7 (12... Nxe4 $2 13. Qd5 Bd7 14. Qxe4 $18) 13. Ng3 {B87: Sicilian Scheveningen/Najdorf: 6 Bc4, with early ...b5.} Nxe4 ({Black should play} 13... Nbd7 $15 14. Re1 Qb8) 14. Nxe4 $11 Bxe4 15. Qg4 {The position is equal.} Bc6 {[%mdl 8192] [#]} (15... d5 $11) 16. Bh6 $1 $18 {[%csl Gh6][%cal Rg4g7,Bc1h6,Bh6g7,Bg7f6,Bf6e7][%mdl 32] White is clearly winning.} Bf6 {[#]} 17. Bxg7 $1 h5 {[#]} 18. Qg6 $1 d5 19. Qxf6 Qxf6 20. Bxf6 Nd7 {[#]} 21. Be7 $146 ({Predecessor:} 21. Bh4) 21... Rfb8 22. f6 Ra7 23. Rf5 Bxa4 24. Bxa4 Nb6 25. Bb3 {Strongly threatening Raf1.} a5 26. Rg5+ Kh7 27. Rxh5+ Kg6 28. Rxe5 Rd7 29. c3 {Black did not feel at home in the position after the opening.  Weighted Error Value: White=0.70/Black=0.32} 1-0

[Event "European Amateur Chess-ch 2022"]
[Site "Zagreb"]
[Date "2022.08.14"]
[Round "1.2"]
[White "Grgantov, Marin"]
[Black "Bouget, Alexandre"]
[Result "1/2-1/2"]
[ECO "C55"]
[WhiteElo "2048"]
[BlackElo "2282"]
[Annotator "TA"]
[PlyCount "80"]
[EventDate "2022.08.14"]
[EventCountry "CRO"]
[SourceTitle "playchess.com"]
[Source "ChessBase"]
[SourceQuality "1"]
[TimeControl "40/5400+30:1800+30"]

1. e4 e5 2. Nf3 Nc6 3. Bc4 Nf6 4. d3 Be7 5. Nc3 d6 6. a4 {C55: Two Knights: 4 d3, 4 d4 exd4 5 e5 and Max Lange Attack.} O-O 7. O-O Kh8 {[#]} 8. Nd5 $146 {White has an edge.} ({Predecessor:} 8. a5 Ng8 9. a6 Rb8 10. axb7 Bxb7 11. Be3 f5 12. exf5 Rxf5 13. Nd5 Nb4 14. Nxb4 Bxf3 {0-1 (35) Xu,Y (2507)-Sevian,S (2693) Chess.com INT 2022}) 8... Nxd5 9. Bxd5 f5 10. h3 fxe4 11. dxe4 Qe8 12. Kh2 Qh5 {[%cal Oc8h3] [#] Hoping for ...Bxh3!} 13. Ra3 Bg4 {[%cal Oc6d4] aiming for ...Nd4!} 14. Kg1 Bxf3 15. Rxf3 Rxf3 16. Qxf3 Qxf3 17. gxf3 Nd4 18. Bxb7 Rb8 19. Bd5 Nxc2 20. Kg2 g5 21. b3 c5 22. Bd2 Nd4 23. Re1 Rf8 24. Re3 Kg7 25. Bc3 Kf6 26. Bxd4 (26. Re1 $11) 26... exd4 $11 {[%mdl 4096] Endgame KRB-KRB} ({Weaker is} 26... cxd4 27. Re2 $15) 27. Rd3 Rb8 ({Black should play} 27... Ke5 $17) 28. Kg3 (28. f4 $15) 28... Ke5 $17 29. Kg4 Rf8 30. Kg3 h5 31. Rd1 Bd8 32. Rd3 Rf4 33. Rd1 Ba5 34. Bc6 Bc3 35. Bb7 Rf8 36. Bd5 Rf4 ({Black should try} 36... Bb4 $17) 37. Bc6 (37. Bb7 $1 $11) 37... h4+ (37... Ke6 $17) 38. Kg2 $15 Rf8 39. Bd5 Rb8 40. Kf1 Ba5 {Weighted Error Value: White=0.16 (very precise) /Black=0.12 (very precise)} 1/2-1/2

[Event "European Amateur Chess-ch 2022"]
[Site "Zagreb"]
[Date "2022.08.14"]
[Round "1.3"]
[White "Novosel, Lovro"]
[Black "Takac, Zvonko"]
[Result "1-0"]
[ECO "E01"]
[WhiteElo "2212"]
[BlackElo "2040"]
[Annotator "TA"]
[PlyCount "123"]
[EventDate "2022.08.14"]
[EventCountry "CRO"]
[SourceTitle "playchess.com"]
[Source "ChessBase"]
[SourceQuality "1"]
[TimeControl "40/5400+30:1800+30"]

1. Nf3 d5 2. g3 c5 3. Bg2 Nc6 4. d4 cxd4 5. Nxd4 Nf6 6. O-O e6 7. c4 Bc5 8. Nb3 Be7 9. cxd5 exd5 10. Nc3 Be6 {E01: Catalan: Early deviations.} 11. Nb5 O-O 12. Be3 Qd7 {The position is equal.} 13. Nc5 Bxc5 14. Bxc5 {[#]} Rfd8 $146 ({Predecessor:} 14... Rfe8 15. Re1 a6 16. Nc3 b5 17. b4 a5 18. a4 Nxb4 19. Nxb5 Nc6 20. Rc1 Rec8 {1-0 (43) Chelushkina,I (2312)-Rakic,M (2130) Tivat 2006}) 15. Nd4 (15. Rc1 {with more complications.} Bh3 16. Nd4 Ne4 17. f3) 15... Bh3 16. Nxc6 bxc6 17. Qa4 Bxg2 18. Kxg2 Ne4 19. Rac1 Rab8 20. Ba3 Rb5 21. Rc2 ({Better is} 21. Qc2 $11) 21... d4 $1 $15 {[#] Hoping for ...Rh5.} 22. f3 Ng5 23. Qc4 ({White should try} 23. Kg1 $11) 23... Re5 (23... Rd5 $1 $15) 24. Rd2 Qh3+ 25. Kg1 Qe6 (25... Ne6 $11) 26. Qxe6 (26. Rxd4 {seems wilder.} Nh3+ 27. Kh1 Rxd4 28. Qxd4 Rxe2 29. Qd8+) 26... Nxe6 27. Rc1 c5 28. Kf2 (28. f4 $5 Rh5 29. e4 $14) 28... f6 29. Rc4 Kf7 30. f4 Red5 31. Rdc2 d3 32. exd3 Rxd3 33. Ke2 Rxa3 $1 34. bxa3 Nd4+ 35. Rxd4 Rxd4 36. Rxc5 $11 {[%mdl 4096] Endgame KR-KR} Ra4 37. Rc3 h5 38. Kd3 Ke6 39. Kc2 Kf5 40. Kb3 Rd4 41. Rc7 g5 42. fxg5 fxg5 43. Rxa7 Rd2 44. h4 {Black must now prevent Ra5+.} Rd3+ 45. Kb4 Rxg3 46. hxg5 Rxg5 47. a4 {[%cal Ba3a4,Ba4a5,Ba5a6,Ba6a7][%mdl 32] And now Ra5+ would win.} h4 48. a5 h3 {Threatens to win with ...Kg6.} 49. Rh7 Kg4 50. a6 {aiming for a7.} Kg3 51. a7 Rg8 52. Kb5 h2 53. Kb6 {Kb7 is the strong threat.} Kg2 $2 {[%mdl 8192] [#]} (53... Rf8 $11) 54. Kb7 $1 $18 h1=Q 55. Rxh1 Rg7+ {White mates.} 56. Kb6 Rg6+ 57. Kb5 Rg5+ 58. Kb4 Rg4+ 59. Kb3 Rg3+ 60. Kb2 Rg8 61. Rh7 Kf3 62. Re7 {Weighted Error Value: White=0.09 (flawless) /Black=0.08 (flawless)} 1-0

[Event "European Amateur Chess-ch 2022"]
[Site "Zagreb"]
[Date "2022.08.14"]
[Round "1.4"]
[White "Mesko, Andrej"]
[Black "Buchcar, Tomas"]
[Result "0-1"]
[ECO "D11"]
[WhiteElo "2033"]
[BlackElo "2208"]
[Annotator "TA"]
[PlyCount "100"]
[EventDate "2022.08.14"]
[EventCountry "CRO"]
[SourceTitle "playchess.com"]
[Source "ChessBase"]
[SourceQuality "1"]
[TimeControl "40/5400+30:1800+30"]

1. d4 d5 2. c4 c6 3. Nf3 Nf6 4. g3 dxc4 5. Bg2 Bf5 (5... b5 $11) 6. Nc3 {D11: Slav Defence: 3 Nf3 sidelines and 3...Nf6 4 e3 Bg4.} ({Better is} 6. Nbd2 $14) 6... Nbd7 $11 7. O-O (7. Nh4 $5 Bg6 8. O-O $11) 7... e6 8. Bg5 {The position is equal.} Be7 9. Re1 h6 10. Bxf6 {[#]} Nxf6 $146 ({Black should try} 10... Bxf6 $17 11. e4 Bg4) ({Predecessor:} 10... Bxf6 11. e4 Bg4 12. h3 Bh5 13. Rc1 O-O 14. g4 Bg6 15. Qe2 b5 16. e5 Be7 {1-0 (51) Silva,F (1780)-Santos,M (1613) Florianopolis 2018}) 11. Ne5 O-O 12. Nxc4 Rc8 13. e4 Bh7 14. e5 Nd5 15. Ne4 Nb6 16. Ncd6 (16. Na5 $11) 16... Rc7 $1 $15 17. Qg4 {White is on the road to losing.} Kh8 $1 18. Rad1 ({White should play} 18. Qd1) 18... f5 $17 19. exf6 Bxd6 20. Nxd6 Qxd6 21. Rxe6 {[#]} Qd7 22. fxg7+ Qxg7 23. Qh5 Rf6 24. Rde1 Bg8 25. Re8 {[#]} Rcf7 $1 26. f4 Rf8 27. R8e7 R6f7 28. R7e6 (28. Qc5 $142) 28... Qxd4+ $19 29. Kh1 Rf6 ({Don't take} 29... Qxb2 30. Rxh6+ Rh7 31. Be4 $18) 30. Rxf6 (30. R6e2 $142) 30... Rxf6 (30... Qxf6 $2 {loses.} 31. b3 $19) 31. b3 Nd5 32. Qe8 Rf7 33. Bh3 {[#]} (33. Bf3 $142) 33... Re7 $1 34. Rxe7 Nxe7 35. Bg4 {Prevents Qd1+.} Qd5+ 36. Kg1 Qc5+ 37. Kg2 Kg7 38. Kh3 Bf7 39. Qd7 h5 40. Bf3 (40. Be6 $142) 40... Qf5+ {Black is clearly winning.} 41. Qxf5 Nxf5 42. Kg2 Nd4 43. Bd1 a5 44. Kf2 Nb5 45. Bc2 Nc3 46. a4 Nd5 47. Ke2 Kf6 48. Kd2 Ke7 49. Bd1 Kd6 50. h3 Kc5 {Weighted Error Value: White=0.33/Black=0.15 (very precise)} 0-1

[Event "European Amateur Chess-ch 2022"]
[Site "Zagreb"]
[Date "2022.08.14"]
[Round "1.5"]
[White "Krikunov, Dmitry"]
[Black "Begic, Domagoj"]
[Result "0-1"]
[ECO "B07"]
[WhiteElo "2202"]
[BlackElo "2026"]
[Annotator "TA"]
[PlyCount "178"]
[EventDate "2022.08.14"]
[EventCountry "CRO"]
[SourceTitle "playchess.com"]
[Source "ChessBase"]
[SourceQuality "1"]
[TimeControl "40/5400+30:1800+30"]

1. e4 d6 2. Nf3 Nf6 3. Nc3 c6 4. g3 e5 5. Bg2 Be7 6. O-O {B07: Pirc Defence: Miscellaneous Systems.} O-O 7. d4 Qc7 8. a4 {The position is equal.} a5 9. h3 Nbd7 10. Be3 Re8 11. Qd2 {[#]} Nf8 $146 ({Predecessor:} 11... Bf8 12. Nh4 Nb6 13. b3 c5 14. d5 Bd7 15. f4 c4 16. Rac1 Rac8 17. Kh2 Rb8 {1-0 (62) Orlov,V (2430)-Krasnov,V (2208) St Petersburg 2005}) 12. Rad1 Ng6 13. Kh2 Bd7 14. Ng1 Rad8 (14... b5 $5 ) 15. Nge2 b5 16. axb5 cxb5 17. dxe5 (17. Rc1 $11) 17... dxe5 $17 18. Nd5 Nxd5 19. exd5 Bd6 $1 20. Qc3 Qxc3 21. Nxc3 f5 {Against Ne4} 22. Ra1 Ra8 (22... a4 $1 $17 23. Rfc1 Ra8) 23. Rfc1 $15 Rec8 24. Bf1 $1 Rcb8 25. Kg2 (25. g4 $15) 25... a4 $17 26. f3 (26. Bd2 $142) 26... Rb7 (26... b4 $142 27. Nb1 f4) 27. Bf2 Rc8 28. Nd1 Ne7 {Black is much more active.} 29. c4 $1 bxc4 30. Rxc4 Rxc4 31. Bxc4 Rb4 32. Ba2 Kf8 33. Be1 Rb5 34. Bc4 Rc5 (34... Rb8 $15) 35. b3 axb3 36. Bxb3 Nxd5 {[#]} (36... Rb5 $11 {remains equal.} 37. Bc4 Rb8) 37. Bf2 $1 $16 Nf6 38. Bxc5 Bxc5 39. Nc3 Bd4 40. Ra8+ Ke7 41. Nd5+ Nxd5 42. Bxd5 $14 {[%mdl 4096] Endgame KRB-KB} Be8 43. Rb8 h6 44. Kf1 h5 45. h4 g6 46. Kg2 Be3 47. Rb3 Bd4 48. Ra3 Bc5 49. Ra6 {aiming for Re6+.} Bd6 ({Black should try} 49... Bd4) 50. Ra7+ $16 Kf6 51. Rb7 Bc5 52. Rc7 Bd6 53. Ra7 Bc5 54. Ra6+ Kg7 55. Kh2 Bf7 56. Ba8 Bd4 57. Rd6 Bc5 58. Rc6 Bd4 59. Kh3 Kf8 60. Ra6 Ke7 61. g4 (61. Kg2 $16) 61... Be6 (61... e4 $11 62. fxe4 hxg4+ 63. Kg2 f4) 62. gxh5 $14 gxh5 63. Kg2 Be3 64. Bc6 Bd2 {Prevents Ra5.} 65. Ra7+ Kd6 66. Ra6 Be1 67. Kh3 f4+ 68. Kg2 Bxh4 69. Be8+ Ke7 70. Bxh5 Be1 71. Bg6 Bd5 72. Bf5 Bc3 73. Bd3 Bd4 74. Rh6 Kd7 75. Bb5+ Kc7 76. Rh5 Kd6 77. Bd3 Ke7 78. Rh1 Kd6 79. Re1 Be3 80. Rf1 Kc5 81. Kh3 Kd4 82. Bb1 Bd2 83. Kg4 Ke3 {White must now prevent ...Ke2.} 84. Kf5 Bc3 85. Rc1 Bd4 {A strong pair of Bishops.} 86. Re1+ Kxf3 {...Bb7 is the strong threat.} 87. Bd3 (87. Rf1+ $1 $15 Ke3 88. Re1+ Kd2 89. Rf1) 87... Kg3 ({Black should play} 87... Bb7 $17 {Threatens to win with ...Bc8+.} 88. Ke6 Ba8) 88. Rf1 $2 {[#]} (88. Rc1 $1 $15) 88... f3 $1 $19 89. Rxf3+ $2 ({Wrong is} 89. Be4 $2 Bxe4+ 90. Kxe4 f2 $19) (89. Bb5 $19) 89... Kxf3 {Weighted Error Value: White=0.11 (very precise) /Black=0.14 (very precise)} 0-1

[Event "European Amateur Chess-ch 2022"]
[Site "Zagreb"]
[Date "2022.08.14"]
[Round "1.6"]
[White "Faukovic, Matija"]
[Black "Vujec, Ivan"]
[Result "0-1"]
[ECO "A01"]
[WhiteElo "2026"]
[BlackElo "2192"]
[Annotator "TA"]
[PlyCount "62"]
[EventDate "2022.08.14"]
[EventCountry "CRO"]
[SourceTitle "playchess.com"]
[Source "ChessBase"]
[SourceQuality "1"]
[TimeControl "40/5400+30:1800+30"]

1. b3 e5 2. Bb2 Nc6 3. e3 a6 4. c4 f5 {[#]} 5. d4 $146 ({Predecessor:} 5. Nc3 Nf6 6. g3 d5 7. cxd5 Nxd5 8. Nxd5 Qxd5 9. Nf3 e4 10. Nd4 Nxd4 11. Bxd4 Be6 12. Bc4 {1-0 (71) Palachev,P (2345)-Vetokhin,S (2317) Chess.com INT 2020}) 5... Bb4+ 6. Nd2 {A01: Nimzowitsch-Larsen Opening.} exd4 7. exd4 Qe7+ 8. Be2 {White is slightly better.} Nf6 9. Ngf3 O-O (9... d5 $14) 10. d5 $16 Nd8 11. O-O d6 (11... Ba3 $142 12. Bd4 Bc5) 12. Bd3 c6 13. dxc6 bxc6 14. Qc2 Nh5 (14... d5 $16 {might work better.}) 15. a3 ({White should try} 15. Rae1 $18 Qb7 16. a3 Bxd2 17. Nxd2) 15... Bc5 $2 (15... Bxd2 $16 16. Qxd2 c5) 16. b4 $18 Ba7 17. Rfe1 Qf7 (17... Be6 $142 18. g3 c5) 18. c5 Nf4 19. cxd6 {Re7 is the strong threat.} Qg6 20. Qc4+ Nde6 21. g3 {aiming for Bf1.} Nh3+ 22. Kg2 Nxf2 23. Nh4 $1 (23. Qxc6 $2 Nxd3 24. Qxa8 Qf7 $19) 23... Qh6 24. Ndf3 (24. Bxf5 $2 Rxf5 25. Ndf3 (25. Nxf5 $2 Qh3+ 26. Kf3 Qxf5+ 27. Ke2 Bd7 $19) 25... Rxf3 $1 $19 ) 24... Kh8 $2 (24... g5 $16 {keeps fighting.}) 25. Qxc6 Rb8 26. Qc3 ({Resist} 26. Bxa6 Be3 27. Re2 Bxa6 28. Qxa6 f4 $18) (26. Bxf5 Nf4+ 27. gxf4 Bxf5 $14) (26. Bc4 $18) 26... Nxd3 $11 {The board is on fire.} 27. Qxd3 {And now d7 would win.} Bb7 {[%cal Oe6f4] Hoping for ...Nf4+!} 28. Rac1 $2 {[#]} (28. Qc4 $1 $11 Be3 29. Rad1) 28... Bb6 $2 {This bishop pair is nice.} ({Better is} 28... Nf4+ $1 $19 29. gxf4 Qxh4) 29. Rc4 $1 $14 f4 {Strongly threatening ...fxg3.} 30. g4 Qxh4 $19 31. Rxe6 Qxg4+ {Weighted Error Value: White=0.85/Black=0.48} (31... Qf2+ $142 32. Kh3 Bxf3 33. Bxg7+ Kg8 34. Qxf3 Qxf3+ 35. Kh4 Bf2+ 36. Kg5 Kxg7 37. Rc7+ Kh8 38. Rxh7+ Kxh7 39. Rh6+ Kg8 40. Rg6+ Kf7 41. Rf6+ Ke8 42. Re6+ Kd7 43. Re7+ Kxd6 44. Rh7 Rg8+ 45. Rg7 Rxg7+ 46. Kh6 Qxg4 47. a4 Rh8#) 0-1

[Event "European Amateur Chess-ch 2022"]
[Site "Zagreb"]
[Date "2022.08.14"]
[Round "1.7"]
[White "Denic, Marin"]
[Black "Vanden Bussche, Steven"]
[Result "1-0"]
[ECO "B13"]
[WhiteElo "2190"]
[BlackElo "2026"]
[Annotator "TA"]
[PlyCount "46"]
[EventDate "2022.08.14"]
[EventCountry "CRO"]
[SourceTitle "playchess.com"]
[Source "ChessBase"]
[SourceQuality "1"]
[TimeControl "40/5400+30:1800+30"]

1. e4 c6 2. d4 d5 3. exd5 cxd5 4. c4 Nf6 5. Nc3 Nc6 6. Nf3 Bg4 7. Bg5 {B13: Caro-Kann: Exchange Variation and Panov-Botvinnik Attack.} e6 8. cxd5 exd5 9. Bxf6 {White has an edge.} gxf6 10. Be2 {[#]} Bb4 $146 (10... Qd7 $11) ({Predecessor:} 10... h5 11. O-O Bd6 12. Nb5 Bb8 13. Re1 Kf8 14. Qd2 a6 15. Nc3 Qd6 16. g3 h4 {0-1 (58) Pavignano,M-Vogel,H (2152) Playchess.com INT 2004}) 11. O-O $16 Qd7 12. Nh4 Bxe2 (12... h5 $14) 13. Qxe2+ Ne7 14. Rac1 {White is more active.} Kf8 15. Qf3 f5 (15... Rg8 $16 16. a3 (16. Qxf6 Rc8 $16) 16... Bxc3 17. Rxc3 Rc8) 16. a3 $18 Bd6 17. g3 Bc7 (17... Rd8 $16 18. Nxd5 Bxg3 19. hxg3 Qxd5) 18. Rfe1 {[%cal Oe1e7] [#] And now Rxe7! would win.} Rc8 19. Ne2 Kg7 $2 (19... Rg8 {was worth a try.} 20. Nf4 Rg5) 20. Nf4 {[%cal Oe1e7] Hoping for Rxe7! White is clearly winning.} Bxf4 21. Rxc8 ({Inferior is} 21. gxf4 Rxc1 22. Rxc1 Rg8 $11) 21... Rxc8 (21... Nxc8 $142 22. Qxf4 Re8) 22. Rxe7 ({Stronger than} 22. gxf4 Ng6 23. Qg3 Rg8 $11) ({Not} 22. Qxf4 Re8 $18) 22... Rc1+ 23. Kg2 Qa4 {Black got outplayed after the opening.  Weighted Error Value: White=0.09 (flawless) /Black=0.48} 1-0

[Event "European Amateur Chess-ch 2022"]
[Site "Zagreb"]
[Date "2022.08.14"]
[Round "1.8"]
[White "Draganic, Stjepan"]
[Black "Babic, Zvonko"]
[Result "0-1"]
[ECO "A41"]
[WhiteElo "2025"]
[BlackElo "2180"]
[Annotator "TA"]
[PlyCount "60"]
[EventDate "2022.08.14"]
[EventCountry "CRO"]
[SourceTitle "playchess.com"]
[Source "ChessBase"]
[SourceQuality "1"]
[TimeControl "40/5400+30:1800+30"]

1. d4 d6 2. Nf3 g6 3. Bf4 Bg7 4. c3 Nd7 5. e3 e5 6. Bg3 Nh6 {A41: 1 d4 d6: Tartakower System and Modern Defence.} 7. Bh4 f6 $1 8. Bc4 (8. e4 $11) 8... Nf5 $15 {[#] Black is slightly better.} 9. Be6 $146 ({Predecessor:} 9. Bg3 Qe7 10. dxe5 dxe5 11. Nbd2 Nxg3 12. hxg3 e4 13. Nd4 Ne5 14. Qb3 f5 15. O-O {0-1 (30) Wieneroiter,G (2147)-Baldauf,M (2423) Vienna 2016}) 9... Nxh4 10. Nxh4 Qe7 11. Bc4 Nb6 12. Bb3 {[#]} ({Better is} 12. Be2) 12... Bd7 (12... e4 $142 $1 {Threatens to win with ...g5.} 13. g4 f5) 13. Nf3 c5 (13... g5 $15) 14. dxc5 dxc5 15. Nbd2 e4 16. Ng1 O-O-O 17. Qe2 {Against Bb5} (17. a4 $142) 17... Kb8 $17 18. O-O-O a6 $36 {[%mdl 2048] Black has strong initiative.} 19. Nh3 Bb5 20. Qg4 {[%mdl 8192] White does not recover from this.} (20. Nc4 $17 {was called for.}) 20... f5 $19 {Active counter play!} 21. Qg5 {[#]} Bf6 {This bishop pair is nice.} 22. Qg3+ Ka7 {And now ...c4 would win.} 23. Nf4 c4 24. Bc2 {[#]} Bxc3 $1 25. bxc3 (25. Nb1 Be5) 25... Qa3+ 26. Kb1 Qxc3 {( -> ...Ba4)} 27. Ne2 Qb4+ 28. Kc1 Qa3+ 29. Kb1 c3 {[%mdl 64] Discovered Attack} 30. Nxc3 Qxc3 {Weighted Error Value: White=0.94/Black=0.13 (very precise)} 0-1

[Event "European Amateur Chess-ch 2022"]
[Site "Zagreb"]
[Date "2022.08.14"]
[Round "1.9"]
[White "Cvitkovic, Filip"]
[Black "Basaric, Srdjan"]
[Result "0-1"]
[ECO "D11"]
[WhiteElo "2164"]
[BlackElo "2024"]
[Annotator "TA"]
[PlyCount "84"]
[EventDate "2022.08.14"]
[EventCountry "CRO"]
[SourceTitle "playchess.com"]
[Source "ChessBase"]
[SourceQuality "1"]
[TimeControl "40/5400+30:1800+30"]

1. d4 d5 2. c4 c6 3. Nf3 Nf6 4. g3 Bf5 5. Nc3 e6 6. Nh4 {D11: Slav Defence: 3 Nf3 sidelines and 3...Nf6 4 e3 Bg4.} dxc4 7. Nxf5 exf5 8. e3 {The position is equal.} Nbd7 9. Bxc4 Nb6 10. Bb3 g6 11. O-O Bg7 12. f3 {[#]} Qd7 $146 ({Predecessor:} 12... O-O 13. e4 fxe4 14. fxe4 Nfd7 15. Be3 Qe7 16. Qf3 Kh8 17. Rae1 c5 18. dxc5 Nxc5 {½-½ (70) Dordzhieva,D (2335)-Vakhlamov,I (2413) Chess.com INT 2021}) 13. a4 a5 14. Bd2 O-O 15. Qe1 Rfe8 16. Qf2 Nbd5 17. Kg2 Re7 18. h3 Rae8 19. Rfe1 Nb4 {Black is more active.} 20. Re2 Bh6 21. g4 $2 {This move loses the game for White.} (21. f4 $17 {might work better.}) 21... Nd3 $1 $19 22. Qh4 Nf4+ $1 {Pair of Knights!} 23. Kf2 $2 (23. Kh1 Nxe2 24. Qxh6 Nxc3 25. bxc3) 23... Nxe2 24. Qxh6 {[#]} (24. g5 $142 Bxg5 25. Qxg5 Nxc3 26. bxc3) 24... Nxc3 $2 (24... Nxd4 $1 25. exd4 (25. Rd1 Nxb3) 25... Qxd4+ 26. Kf1 fxg4 27. hxg4 Qd3+ 28. Kg1 Qxf3) 25. bxc3 Nd5 ({Wrong is} 25... fxg4 $2 26. hxg4 Qxg4 27. Bc2 $19) 26. Re1 Qd6 {aiming for ...Qh2+.} 27. f4 (27. Kg2 {is a better defense.} fxg4 28. hxg4) 27... Nf6 28. gxf5 Ne4+ 29. Ke2 Ng3+ 30. Kd3 Nxf5 31. Qg5 Qa3 32. Bd1 (32. Kc2 $142 Nxe3+ 33. Bxe3 Rxe3 34. Rxe3 Rxe3 35. f5) 32... Nxd4 33. Rg1 Ne6 34. Qxa5 Rd7+ 35. Ke2 Qb2 36. c4 Red8 37. f5 Qxd2+ (37... Rxd2+ $142 38. Kf3 Rf2+ 39. Kg3 {[#]} Rxd1 $1 40. Rxd1 Rg2+ 41. Kf3 Ng5+ 42. Kf4 Nxh3+ 43. Kf3 Ng5+ 44. Kf4 Rf2+ 45. Kg4 h5+ 46. Kh4 Rh2+ 47. Kxg5 Rg2+ 48. Kh4 Rg4+ 49. Kh3 Qg2#) 38. Qxd2 {Black is clearly winning.} Rxd2+ 39. Kf3 Rxd1 40. Rxd1 Rxd1 41. fxe6 fxe6 {( -> ...Rc1)} 42. Ke2 Ra1 {Weighted Error Value: White=1.13/Black=0.70} 0-1

[Event "European Amateur Chess-ch 2022"]
[Site "Zagreb"]
[Date "2022.08.14"]
[Round "1.10"]
[White "Raljic, Mirko"]
[Black "Brigljevic, Milan"]
[Result "0-1"]
[ECO "B07"]
[WhiteElo "2023"]
[BlackElo "2161"]
[Annotator "TA"]
[PlyCount "92"]
[EventDate "2022.08.14"]
[EventCountry "CRO"]
[SourceTitle "playchess.com"]
[Source "ChessBase"]
[SourceQuality "1"]
[TimeControl "40/5400+30:1800+30"]

1. e4 d6 2. Nc3 Nf6 3. d4 c6 4. f4 Qa5 5. Bd2 e5 6. dxe5 dxe5 7. f5 {B07: Pirc Defence: Miscellaneous Systems.} (7. fxe5 $14 Ng4 8. Be2 Nxe5 9. Nf3) 7... Nbd7 (7... Qb6 $11) 8. Bd3 ({Better is} 8. Qf3 $14) 8... Qc7 9. Qe2 {The position is equal.} Nc5 10. Nf3 b5 11. a3 {[#]} (11. a4 $5 ) 11... Be7 $146 ({Predecessor:} 11... Bb7 12. O-O Be7 13. Kh1 Nfd7 14. b4 Nxd3 15. cxd3 O-O 16. Be3 a5 17. Rab1 Rfe8 {0-1 (42) Stam,B-Hartoch,R (2355) Haarlem 1993}) 12. O-O (12. g4 $5) 12... O-O 13. Rad1 a5 14. Nb1 {[#]} ({White should play} 14. Ra1 $15) 14... Nxd3 (14... Bxf5 $1 $17 15. exf5 e4) 15. cxd3 $15 b4 16. Rc1 (16. Bg5 $11) 16... Ba6 {Black converts the advantage convincingly.} 17. Rfd1 Rfd8 18. Bg5 {[#]} (18. Ne1 $17 {keeps fighting.}) 18... Ng4 $1 $19 19. Bxe7 (19. Be3 $142) 19... Qxe7 20. h3 Qa7+ 21. Kh1 Nf2+ 22. Kh2 Nxd1 23. Rxd1 f6 24. g4 h6 25. h4 Qf7 26. Qc2 Rac8 27. d4 exd4 28. Rxd4 (28. axb4 $142 axb4 29. g5) 28... Rxd4 29. Nxd4 Qc7+ 30. Kg2 Qf4 {Hoping for ...Qf1+.} 31. Nd2 {Inhibits Qf1+.} Qxg4+ 32. Kf2 Qxh4+ 33. Ke3 Qe1+ 34. Kf4 Qf2+ 35. N4f3 c5 36. axb4 cxb4 37. Qb3+ Kh7 38. Qe6 Qa7 {Threatens to win with ...Rd8.} 39. Nh4 Qc7+ 40. Ke3 Bc4 41. Nxc4 Qxc4 {KQR-KQN} 42. Qd7 Qc6 43. Qf7 Re8 {Black mates.} 44. Qg6+ Kg8 45. Qg2 Qc1+ 46. Kf3 Qe1 {Weighted Error Value: White=1.24/Black=0.41} 0-1